 Seeded DCSS version 0.30.1-4-g462c640d31 (webtiles) character file.

Game seed: 6351066067085065685 (custom seed)

264 Esekla the Grave Robber (level 5, -8/28 HPs)
             Began as a Deep Elf Necromancer on Aug 24, 2023.
             Was a Follower of Vehumet.
             Mangled by a gnoll
             ... wielding a +0 halberd
             ... led by a gnoll bouda
              (13 damage)
             ... on level 4 of the Dungeon.
             The game lasted 00:14:40 (2521 turns).

Esekla the Grave Robber (Deep Elf Necromancer)      Turns: 2521, Time: 00:14:41

Health: -8/28      AC:  4    Str:  5    XL:     5   Next: 98%
Magic:  0/13       EV:  7    Int: 22    God:    Vehumet [*.....]
Gold:   192        SH:  0    Dex: 15    Spells: 5/13 levels left

rFire   . . .        a - +3 dagger (speed)
rCold   . . .        (no shield)
rNeg    . . .        c - +0 robe
rPois   .            i - +0 helmet
rElec   .            (no cloak)
rCorr   .            k - +0 pair of gloves
SInv    .            (no boots)
Will    .....        (no amulet)
Stlth   ++           (no ring)
HPRegen 0.24/turn    (no ring)
MPRegen 0.13/turn

%: no passive effects
@: weakened, held
A: no striking features
a: Renounce Religion


You were on level 4 of the Dungeon.
You worshipped Vehumet.
Vehumet was aware of your devotion.
You visited 1 branch of the dungeon, and saw 4 of its levels.

You collected 192 gold pieces.

Inventory:

Hand Weapons
 a - a +3 dagger of speed (weapon)
 r - a +0 trident
 s - the +5 rapier of the Hero {heavy, rN+ Dex+3}
   (You found it on level 3 of the Dungeon)

   Dex:       It affects your dexterity (+3).
   rN:        It protects you from negative energy.
Missiles
 v - 8 poisoned darts (quivered)
Armour
 c - a +0 robe (worn)
 i - a +0 helmet (worn)
 k - a +0 pair of gloves (worn)
Wands
 o - a wand of roots (6)
Scrolls
 f - 4 scrolls of identify {unknown}
 l - a scroll of enchant armour {unknown}
 m - a scroll of amnesia {unknown}
 n - a scroll of immolation {unknown}
 p - a scroll of blinking {unknown}
 u - a scroll of fog {unknown}
 w - 2 scrolls of enchant weapon {unknown}
 x - a scroll of summoning {unknown}
Potions
 b - a potion of magic
 d - a potion of ambrosia {unknown}
 e - 2 potions of attraction {unknown}
 g - a potion of haste {unknown}
 h - a potion of mutation {unknown}
 j - 2 potions of curing {unknown}
 q - 2 potions of brilliance {unknown}
 t - a potion of heal wounds {unknown}


   Skills:
 + Level 2.3 Short Blades
 * Level 4.2 Dodging
 + Level 3.2 Stealth
 * Level 4.6 Spellcasting
 + Level 5.8 Necromancy
 * Level 1.5 Translocations


You had 5 spell levels left.
You knew the following spells:

 Your Spells              Type           Power      Damage    Failure   Level
a - Necrotise             Necr           100%       1d9       1%          1
b - Sandblast             Erth           10%        2d5       11%         1
d - Vampiric Draining     Necr           30%        2d8       3%          3
t - Teleport Other        Tloc           11%        N/A       17%         3

Your spell library contained the following spells:

 Spells                   Type           Power      Damage    Failure   Level
 Lesser Beckoning         Tloc           22%        N/A       9%          2
 Animate Dead             Necr           30%        N/A       10%         4
 Gell's Gravitas          Tloc           11%        N/A       17%         3
 Agony                    Necr           30%        N/A       26%         5


Dungeon Overview and Level Annotations

Branches:
Dungeon (4/15)
 Temple: D:4-7

Altars:
Okawaru
Vehumet
Zin

Shops:
D:2 =   D:4 (


Message History

The gnoll bouda closely misses you.
A gnoll comes into view. It is wielding a +0 whip.
You see here a dart slug corpse.
Found a stone staircase leading down.
The gnoll bouda gazes fiercely through you!
You feel as though you will be weak longer.
The gnoll closely misses you.
Casting: Vampiric Draining (dangerous; 3% risk of failure)
Confirm with . or Enter, or press ? or * to list all spells.
Aiming: Vampiric Draining (dangerous; 3% risk of failure)
Press: ? - help, Shift-Dir - straight line, f - gnoll bouda
Aim: a gnoll bouda, wielding a +0 club and wearing a +0 leather armour (severely wounded)
You draw life force from the gnoll bouda.
You kill the gnoll bouda!
Vehumet accepts your kill.
You feel life coursing into your body.
A gnoll comes into view. It is wielding a +0 club.
The gnoll throws a throwing net.
The throwing net hits you.
You become entangled in the net!
The gnoll hits you from afar with a +0 halberd!
You struggle against the net.
The gnoll hits you from afar with a +0 spear.
The gnoll hits you from afar with a +0 halberd!
* * * LOW HITPOINT WARNING * * *
You tear a large gash into the net.
The gnoll hits you from afar with a +0 spear.
* * * LOW HITPOINT WARNING * * *
The gnoll hits you from afar with a +0 halberd.
* * * LOW HITPOINT WARNING * * *
Casting: Vampiric Draining (dangerous; 3% risk of failure)
Confirm with . or Enter, or press ? or * to list all spells.
Aiming: Vampiric Draining (dangerous; 3% risk of failure)
Press: ? - help, Shift-Dir - straight line, f - orc
Aim: an orc, wielding a +2 vampiric dagger and wearing a +0 chain mail You draw life force from the orc!
You kill the orc!
Vehumet accepts your kill.
You feel life coursing into your body. The gnoll completely misses you.
The gnoll hits you from afar with a +0 halberd!
You die...

#........ .> ...
.......... ... #.#
.......... ...####.#
##....... .........
........ ........#
....... ......!.#
....... .......#
........# .... .......#
......)@# ...#
.......#########)# ....
........###....gg# ....
...............gg# ##..
..##
.................##.....
......................g.
......†.................
........................
####
........................
#.._


You could see 4 gnolls.

Vanquished Creatures
  A black bear (D:2)
  A gnoll bouda (D:4)
  An iguana (D:2)
  3 gnolls
  3 adders
  A worm (D:4)
  3 dart slugs
  4 orcs (D:4)
  4 endoplasms
  8 goblins
  5 hobgoblins
  A quokka (D:1)
  6 ball pythons
  4 bats
  4 frilled lizards
  5 kobolds
  A rat (D:1)
55 creatures vanquished.

Notes
Turn   | Place    | Note
-------+----------+-------------------------------------------
     0 | D:1      | Esekla the Deep Elf Necromancer began the quest for the
                  | Orb.
     0 | D:1      | Reached XP level 1. HP: 10/10 MP: 6/6
   393 | D:4      | Found a glowing silver altar of Zin.
   405 | D:4      | Found an iron altar of Okawaru.
   416 | D:4      | Found a radiant altar of Vehumet.
   420 | D:4      | Became a worshipper of Vehumet
   615 | D:3      | Reached skill level 5 in Necromancy
   633 | D:3      | Reached XP level 2. HP: 11/15 MP: 8/8
   883 | D:3      | Identified the +5 rapier of the Hero {heavy, rN+ Dex+3}
   900 | D:2      | Found Renulab's Jewellery Shop.
  1119 | D:1      | Reached XP level 3. HP: 17/19 MP: 9/9
  1123 | D:1      | Learned a level 3 spell: Vampiric Draining
  1285 | D:1      | Reached * piety under Vehumet
  1285 | D:1      | Offered knowledge of Sandblast by Vehumet.
  1290 | D:1      | Learned a level 3 spell: Teleport Other
  1292 | D:1      | Learned a level 1 spell: Sandblast
  1557 | D:3      | Reached skill level 1 in Short Blades
  1557 | D:3      | Reached XP level 4. HP: 24/24 MP: 6/10
  1664 | D:2      | Noticed a black bear
  1835 | D:2      | Found a faded altar of an unknown god.
  1860 | D:2      | Killed a black bear
  1861 | D:2      | Reached skill level 1 in Translocations
  1861 | D:2      | Reached XP level 5. HP: 19/28 MP: 5/13
  2214 | D:4      | Found Ponaysk's Antique Weapon Boutique.
  2520 | D:4      | HP: 1/28 [gnoll/+0 halberd[a gnoll bouda] (4)]
  2521 | D:4      | Mangled by a gnoll

Illustrated notes

Levels and vault maps discovered:
D:1:      sevenhm_arrival_forest_fort_small_3, layout_rooms,
          chequers_serial_rivers_room_b, minmay_misc_feat_five
D:2:      layout_loops_ring, dreamdust_ecumenical_altar_angels_and_demons,
          serial_shops, shop
D:3:      layout_basic, grunt_temple_overflow_open, minmay_misc_feat_iff
D:4:      layout_basic, nicolae_overflow_quartered_altars, serial_shops,
          nicolae_diamond_shop

Skill      XL: |  1  2  3  4  5 |
---------------+----------------+-----
Necromancy     | 5 |  5.8
Dodging        | 3 4 |  4.2
Short Blades   | 1 2 |  2.3
Stealth        | 3 |  3.2
Spellcasting   | 4 |  4.6
Translocations | 1 |  1.5

Action                     |  1- 3 |  4- 6 || total
---------------------------+-------+-------++-------
  Melee: Short sword       |    51 |       ||    51
         Unarmed           |     9 |       ||     9
         Punch             |     2 |     1 ||     3
         Dagger            |    66 |    71 ||   137
         Rapier            |     1 |       ||     1
  Throw: Dart              |       |     6 ||     6
   Cast: Vampiric Draining |     4 |    11 ||    15
    Use: Scroll            |     1 |       ||     1
   Stab: Sleeping          |     2 |     1 ||     3
 Armour: Robe              |    39 |    11 ||    50
  Dodge: Dodged            |   104 |    39 ||   143
